 Dungeon Crawl Stone Soup version 0.13.1-17-g0f9d4ff (webtiles) character file.

379 Kae the Chiller (level 5, -5/38 HPs)
             Began as a Draconian Ice Elementalist on Dec 17, 2013.
             Slain by a mummy (20 damage)
             ... in an ossuary.
             The game lasted 00:04:46 (2774 turns).

Kae the Chiller (Draconian Ice Elementalist)        Turns: 2774, Time: 00:04:47

HP  -5/38        AC  7     Str 10      XL: 5   Next: 17%
MP   5/10        EV 12     Int 16      God:
Gold 220         SH  0     Dex 12      Spells:  2 memorised,  6 levels left

Res.Fire  : . . .   See Invis. : .   (no weapon)
Res.Cold  : . . .   Warding    : .   (armour unavailable)
Life Prot.: . . .   Conserve   : .   (no shield)
Res.Poison: .       Res.Corr.  : .   (helmet restricted)
Res.Elec. : .       Clarity    : .   p - +1 dwarf cloak (curse)
Sust.Abil.: . .     Spirit.Shd : .   (no gloves)
Res.Mut.  : .       Stasis     : .   (no boots)
Res.Rott. : .       Flight     : .   (no amulet)
Saprovore : . . .                    (no ring)
                                     m - ring of flight

@: slightly resistant to hostile enchantments, unstealthy
A: unfitting armour, AC +5
a: Evoke Flight


You were in an ossuary.
You were not hungry.

You visited 1 branch of the dungeon, and saw 4 of its levels.
You also visited: Ossuary.

You collected 200 gold pieces.

Inventory:

Armour
 p - a cursed +1 dwarven cloak (worn)
Comestibles
 a - 3 meat rations
 c - 2 bread rations
 f - a chunk of hound flesh
Scrolls
 d - 4 scrolls of remove curse
 h - a scroll of enchant weapon II
 i - 5 scrolls of identify
 k - 2 scrolls of amnesia
Jewellery
 m - a ring of flight (left hand)
Potions
 e - a potion of restore abilities
 j - a potion of curing {unknown}
 l - 3 potions of heal wounds
 n - a potion of degeneration {unknown}
 o - a potion of beneficial mutation {unknown}
 q - a potion of resistance {unknown}
 s - a potion of brilliance {unknown}
Books
 b - a book of Frost

   Spells                             Type                      Level
   *Freeze                            Ice                          1
   *Throw Frost                       Conjuration/Ice              2
   Ozocubu's Armour                   Charms/Ice                   3
   Throw Icicle                       Conjuration/Ice              4
   Summon Ice Beast                   Ice/Summoning                4
   Condensation Shield                Ice                          4


   Skills:
 - Level 1.7 Dodging
 - Level 1.7 Stealth
 + Level 2.9 Spellcasting
 - Level 1.0 Conjurations
 * Level 5.0 Ice Magic


You had 6 spell levels left.
You knew the following spells:

 Your Spells              Type           Power        Failure   Level  Hunger
a - Freeze                Ice            ###.         2%          1    #......
b - Throw Frost           Conj/Ice       ##....       10%         2    ##.....


Dungeon Overview and Level Annotations

Branches:
Dungeon (4/27)
 Temple: D:4-7

Altars:
Elyvilon
Nemelex Xobeh
Trog


Message History

The mummy hits you!
Casting: Freeze
Confirm with . or Enter, or press ? or * to list all spells.
Aiming: Freeze
Press: ? - help, Shift-Dir - straight line, f/p - mummy
Aim: a mummy (moderately damaged)
You freeze the mummy.
The mummy resists.
The mummy is moderately damaged.
Casting: Freeze
Confirm with . or Enter, or press ? or * to list all spells.
Aiming: Freeze
Press: ? - help, Shift-Dir - straight line, f/p - mummy
Aim: a mummy (moderately damaged)
You freeze the mummy.
The mummy resists.
The mummy is heavily damaged.
The mummy hits you!
* * * LOW HITPOINT WARNING * * *
The mummy hits you!
Ouch! That really hurt!
You die...

#....#
#....#
#....#
#....#
#....#
#....#
#....#
#.MMz#
#.∩@.#
######


You could see 2 mummies and a gnoll zombie.

Vanquished Creatures
  A hound (D:4)
  A worker ant (D:4)
  Jessica (D:3)
  An adder (D:1)
  A gnoll (D:2)
  2 giant geckos
  8 bats
  4 giant cockroaches
  13 goblins
  10 hobgoblins
  A quokka (D:2)
  4 ball pythons
  3 giant newts
  A hobgoblin zombie (Ossuary)
  5 kobolds
  A kobold zombie (Ossuary)
  An orc zombie (Ossuary)
  12 rats
70 creatures vanquished.

Vanquished Creatures (others)
  A big fish (D:2)
  A kobold (D:2)
  A goblin (D:2)
3 creatures vanquished.

Grand Total: 73 creatures vanquished

Notes
Turn   | Place    | Note
--------------------------------------------------------------
     0 | D:1      | Kae, the Draconian Ice Elementalist, began the quest for the Orb.
     0 | D:1      | Reached XP level 1. HP: 14/14 MP: 3/3
   147 | D:1      | Reached XP level 2. HP: 15/20 MP: 0/4
   151 | D:1      | Learned a level 2 spell: Throw Frost
   960 | D:1      | Reached XP level 3. HP: 19/26 MP: 1/6
  1366 | D:2      | Reached skill level 4 in Ice Magic
  1407 | D:2      | Found a white marble altar of Elyvilon.
  1651 | D:2      | Reached XP level 4. HP: 33/33 MP: 5/8
  2089 | D:3      | Found a bloodstained altar of Trog.
  2119 | D:3      | Noticed Jessica
  2124 | D:3      | Killed Jessica
  2663 | D:4      | Found a sparkling altar of Nemelex Xobeh.
  2687 | D:4      | Found a sand-covered staircase.
  2703 | D:4      | Reached XP level 5. HP: 27/38 MP: 0/10
  2721 | Ossuary  | Entered an ossuary
  2752 | Ossuary  | Reached skill level 5 in Ice Magic
  2774 | Ossuary  | Slain by a mummy

Action                   |  1- 3 |  4- 6 || total
-------------------------+-------+-------++-------
Melee: Unarmed           |    90 |    38 ||   128
 Cast: Freeze            |    51 |    29 ||    80
       Throw Frost       |       |     9 ||     9
  Use: Scroll            |       |     7 ||     7
 Stab: Sleeping          |     1 |       ||     1
